 Dungeon Crawl Stone Soup version 0.29.1-12-g30fa7ad0bf (webtiles) character file.

Game seed: 15794346903357304935

848 soggyman666 the Magician (level 8, 0/50 HPs)
             Began as a Djinni Fire Elementalist on Dec 25, 2022.
             Slain by a water moccasin zombie (4 damage)
             ... in an ossuary.
             The game lasted 00:10:33 (6180 turns).

soggyman666 the Magician (Djinni Fire Elementalist) Turns: 6180, Time: 00:10:34

Health: 0/50       AC:  3    Str:  7    XL:     8   Next: 20%
Gold:   234        EV: 12    Int: 19    God:
                   SH:  0    Dex: 14

rFire   + + +      SeeInvis .   (no weapon)
rCold   x x .      Faith    .   (no shield)
rNeg    . . .      Spirit   .   a - +0 robe
rPois   ∞          Reflect  .   (no helmet)
rElec   .          Harm     .   (no cloak)
rCorr   .          Rampage  .   p - +0 pair of gloves
Will    .....                   (boots unavailable)
Stlth   ++........              (no amulet)
HPRegen 0.16/turn               o - ring of fire
MPRegen 0.00/turn               (no ring)

@: about to teleport, flying, very slightly contaminated
A: sickness immunity, fire resistance 2, cold vulnerability 1, float, innate
caster, HP casting, extra vitality 1
a: no special abilities


You were in an ossuary.
You visited 1 branch of the dungeon, and saw 6 of its levels.
You also visited: Ossuary.

You collected 234 gold pieces.

Inventory:

Missiles
 j - 3 throwing nets
Armour
 a - a +0 robe (worn)
 p - a +0 pair of gloves (worn)
 q - a +0 robe
Jewellery
 o - a ring of fire (left hand)
 r - an amulet of the acrobat
Wands
 m - a wand of flame (24)
 n - a wand of digging (3)
Scrolls
 c - a scroll of butterflies
 d - a scroll of immolation
 g - a scroll of torment
 h - a scroll of silence
 u - 2 scrolls of identify
Potions
 e - 2 potions of brilliance
 f - 5 potions of curing
 i - 2 potions of ambrosia {unknown}
 k - 2 potions of attraction {unknown}
 l - a potion of might {unknown}
 t - a potion of invisibility {unknown}
 v - a potion of resistance {unknown}


   Skills:
 + Level 2.4 Dodging
 + Level 3.0 Stealth
 + Level 6.2 Spellcasting
 * Level 2.8 Evocations


You had one spell level left.
You knew the following spells:

 Your Spells              Type           Power      Damage    Failure   Level
a - Foxfire               Conj/Fire      100%       2x1d9     1%          1
b - Scorch                Fire           88%        2d9       1%          2
c - Conjure Flame         Conj/Fire      44%        6-21      2%          3
d - Inner Flame           Hex/Fire       44%        N/A       2%          3
e - Flame Wave            Conj/Fire      44%        2d11      9%          4
f - Sting                 Tmut/Pois      100%       1d8       1%          1
g - Ensorcelled Hibernat  Hex/Ice        58%        N/A       1%          2
h - Static Discharge      Conj/Air       29%        3-7/arc   1%          2
Your spell library was empty.

Dungeon Overview and Level Annotations

Branches:
Dungeon (6/15)            Ossuary (1/1)
 Temple: D:4-7

Altars:
Yredelemnul

Annotations:
D:3 2 transporters
D:4 3 runed translucent doors, Jingleheimer's ghost, amateur FoFi


Innate Abilities, Weirdness & Mutations

You are immune to sickness and miasma.
You are immune to poison.
Your flesh is very heat resistant. (rF++)
You are vulnerable to cold. (rC-)
You float through the air rather than walking.
You learn spells naturally, not from books.
Your magical power is your life essence.
You have superior vitality. (+4 MHP)


Message History

The killer bee zombie is severely damaged.
The killer bee zombie closely misses you. x2
Casting: Foxfire (safe; 1% risk of failure)
Confirm with . or Enter, or press ? or * to list all spells.
You feel a surge of power!
You miscast Foxfire.
You are very lightly contaminated with residual magic.
Nothing appears to happen.
The foxfire hits the killer bee zombie.
The killer bee zombie is almost destroyed.
The foxfire hits the killer bee zombie.
The killer bee zombie is almost destroyed.
The killer bee zombie closely misses you.
The killer bee zombie misses you.
Casting: Foxfire (safe; 1% risk of failure)
Confirm with . or Enter, or press ? or * to list all spells.
You feel a surge of power!
Flames lash the killer bee zombie.
You destroy the killer bee zombie!
Casting: Scorch (safe; 1% risk of failure)
Confirm with . or Enter, or press ? or * to list all spells.
You feel a surge of power!
Flames lash the mummy.
The mummy is burned terribly!
The mummy is heavily damaged.
The mummy's fire resistance burns away.
Casting: Scorch (safe; 1% risk of failure)
Confirm with . or Enter, or press ? or * to list all spells.
You feel a surge of power!
Flames lash the water moccasin zombie.
The water moccasin zombie is lightly damaged.
The water moccasin zombie's fire resistance burns away.
* * * LOW HITPOINT WARNING * * *
Casting: Scorch (safe; 1% risk of failure)
Confirm with . or Enter, or press ? or * to list all spells.
You feel a surge of power!
Flames lash the water moccasin zombie.
The water moccasin zombie is burned terribly!
The water moccasin zombie is heavily damaged.
* * * LOW HITPOINT WARNING * * *
The mummy completely misses you. The water moccasin zombie bites you.
* * * LOW HITPOINT WARNING * * *
As you read the scroll of teleportation, it crumbles to dust.
You feel strangely unstable. The water moccasin zombie bites you.
* * * LOW HITPOINT WARNING * * *
The water moccasin zombie bites you.
You die...

≈ #≈ ~#
### ~.#.#
~#'# ..+
#####.# #
#...#.'.#
#@M.'.#
#âˆİZ.#.+
#####.#
'.+ #.#
#.+ Z.#
.'


You could see a mummy (combustible) and a water moccasin zombie (combustible).

Vanquished Creatures
  2 water moccasins (D:5)
  An ogre (D:5)
  2 jellies
  2 bullfrog zombies (Ossuary)
  4 orc wizards
  A killer bee zombie (Ossuary)
  6 mummies (Ossuary)
  Robin (D:2)
  4 gnolls (D:4)
  6 adders
  A worm (D:2)
  11 orcs
  8 ball pythons
  A bat (D:2)
  8 endoplasms
  3 giant cockroaches
  9 goblins
  9 hobgoblins
  3 frilled lizards
  5 kobolds
  2 rats (D:2)
89 creatures vanquished.

Vanquished Creatures (others)
  352 foxfires
  2 withered plants (Ossuary)
354 creatures vanquished.

Grand Total: 443 creatures vanquished

Notes
Turn   | Place    | Note
-------+----------+-------------------------------------------
     0 | D:1      | soggyman666 the Djinni Fire Elementalist began the quest
                  | for the Orb.
     0 | D:1      | soggyman666 set off with the following spells memorised:
                  | Foxfire, Scorch, Conjure Flame, Inner Flame, Flame Wave.
     0 | D:1      | Reached XP level 1. HP: 15/15 MP: 0/0
   501 | D:1      | Reached XP level 2. HP: 21/21 MP: 0/0
  1096 | D:2      | Reached skill level 3 in Spellcasting
  1278 | D:2      | Reached XP level 3. HP: 18/25 MP: 0/0
  1278 | D:2      | Learned a level 1 spell: Sting
  1481 | D:2      | Found a faded altar of an unknown god.
  2057 | D:2      | Noticed Robin
  2063 | D:2      | Killed Robin
  2064 | D:2      | Reached XP level 4. HP: 9/31 MP: 0/0
  2287 | D:2      | Found a basalt altar of Yredelemnul.
  2968 | D:3      | Found a transporter.
  2985 | D:3      | Reached XP level 5. HP: 22/35 MP: 0/0
  2985 | D:3      | Learned a level 2 spell: Ensorcelled Hibernation
  3108 | D:3      | Found a transporter.
  3356 | D:4      | Reached skill level 4 in Spellcasting
  4018 | D:4      | Found a runed translucent gate.
  4018 | D:4      | Found a runed translucent gate.
  4024 | D:4      | Noticed Jingleheimer's ghost (amateur FoFi)
  4024 | D:4      | Noticed a black bear
  4037 | D:4      | Reached XP level 6. HP: 10/40 MP: 0/0
  4372 | D:4      | Found a runed translucent gate.
  4964 | D:5      | Entered Level 5 of the Dungeon
  5286 | D:5      | Noticed a water moccasin
  5289 | D:5      | Killed a water moccasin
  5290 | D:5      | Reached skill level 1 in Evocations
  5431 | D:5      | Noticed an ogre
  5436 | D:5      | Killed an ogre
  5437 | D:5      | Reached skill level 5 in Spellcasting
  5437 | D:5      | Reached XP level 7. HP: 38/45 MP: 0/0
  5437 | D:5      | Learned a level 2 spell: Static Discharge
  5614 | D:5      | Noticed a water moccasin
  5618 | D:5      | Killed a water moccasin
  6070 | D:6      | Found a sand-covered staircase.
  6079 | Ossuary  | Entered an ossuary
  6090 | Ossuary  | Reached XP level 8. HP: 41/50 MP: 0/0
  6092 | Ossuary  | Reached skill level 6 in Spellcasting
  6180 | Ossuary  | Slain by a water moccasin zombie

Illustrated notes

Levels and vault maps discovered:
D:1:      mushboom_english_gardens, layout_rooms
D:2:      layout_basic, chequers_ecumenical_altar_simple_redux, basic_altar,
          uniq_robin
D:3:      gammafunk_steamed_eel, layout_rooms
D:4:      layout_basic, gammafunk_ghost_split, chequers_serial_rivers_micro_d
D:5:      layout_cave_pods
D:6:      layout_basic, enter_ossuary_1, grunt_ministairs_14,
          uniq_prince_ribbit1
Ossuary:  ossuary_zaba_flooded

Skill      XL: |  1  2  3  4  5  6  7  8 |
---------------+-------------------------+-----
Spellcasting   | 3 4 5 6 |  6.2
Stealth        | 2 3 |  3.0
Evocations     | 1 2 |  2.8
Dodging        | |  2.4

Action                   |  1- 3 |  4- 6 |  7- 9 || total
-------------------------+-------+-------+-------++-------
 Cast: Foxfire           |    90 |    79 |    36 ||   205
       Scorch            |     3 |    13 |    16 ||    32
       Inner Flame       |       |     4 |     1 ||     5
       Static Discharge  |       |       |     1 ||     1
  Use: Scroll            |     2 |     5 |     4 ||    11
Armor: Robe              |       |     1 |     1 ||     2
Dodge: Dodged            |     4 |     3 |     7 ||    14
